 Dungeon Crawl Stone Soup version 0.27-a0-1139-g28e009f8a6 (webtiles) character file.

Game seed: 5741648400173534890

11333 Mels the Comforter (level 11, -2/100 HPs)
             Began as a Deep Dwarf Fighter on May 7, 2021.
             Was a Follower of Elyvilon.
             Slain by a two-headed ogre
             ... wielding a +0 giant club
              (15 damage)
             ... on level 9 of the Dungeon.
             The game lasted 00:18:14 (8734 turns).

Mels the Comforter (Deep Dwarf Fighter)             Turns: 8734, Time: 00:18:14

Health: -2/100     AC: 17    Str: 23      XL:     11   Next: 47%
Magic:  10/10      EV:  6    Int:  9      God:    Elyvilon [*.....]
Gold:   634        SH: 11    Dex: 11 (12) Spells: 10/10 levels left

rFire    . . .     SeeInvis +   a - +0 war axe
rCold    . . .     Faith    +   c - +0 kite shield
rNeg     . . .     Spirit   .   j - +0 plate armour
rPois    .         Reflect  .   (no helmet)
rElec    .         Harm     .   z - +1 cloak {Will+}
rCorr    .         Rampage  .   n - +0 pair of gloves
Will     ++...                  (no boots)
Stlth    ..........             p - amulet of faith
HPRegen  0.00/turn              v - ring of flight
MPRegen  0.12/turn              o - ring of see invisible

@: flying
A: damage resistance, heal wounds, sense surroundings 2, no regeneration
a: Heal Wounds, Renounce Religion, Lesser Healing, Divine Protection


You were on level 9 of the Dungeon.
You worshipped Elyvilon.
Elyvilon was aware of your devotion.
You visited 2 branches of the dungeon, and saw 12 of its levels.

You collected 634 gold pieces.

Inventory:

Hand Weapons
 a - a +0 war axe (weapon)
 s - a +0 morningstar
 F - a +2 whip of electrocution
Armour
 c - a +0 kite shield (worn)
 j - a +0 plate armour (worn)
 n - a +0 pair of gloves (worn)
 z - a +1 cloak of willpower (worn)
Jewellery
 i - a ring of resist corrosion
 o - a ring of see invisible (right hand)
 p - an amulet of faith (around neck)
 q - the ring "Daczegh" {rPois Will+}
   (You took it off an orc sorcerer on level 9 of the Dungeon)

   [ring of poison resistance]

   It protects you from poison.
   It increases your willpower.
 v - a ring of flight (left hand)
Wands
 x - a wand of flame (20)
 y - a wand of polymorph (6)
Scrolls
 g - 4 scrolls of enchant weapon
 h - a scroll of teleportation
 k - a scroll of fear
 A - 3 scrolls of immolation
 E - 4 scrolls of amnesia
Potions
 b - 2 potions of mutation {unknown}
 d - 2 potions of might
 e - a potion of attraction {unknown}
 f - 6 potions of curing {unknown}
 l - 4 potions of heal wounds {unknown}
 m - 2 potions of resistance {unknown}
 r - 3 potions of flight {unknown}
 t - 2 potions of magic {unknown}
 u - a potion of berserk rage {unknown}
 w - 2 potions of lignification {unknown}
 D - a potion of cancellation {unknown}


   Skills:
 + Level 7.4 Fighting
 + Level 8.4 Axes
 + Level 8.8 Armour
 + Level 8.9 Shields
 * Level 13.4 Invocations


You had 10 spell levels left.
You didn't know any spells.
Your spell library contained the following spells:

 Spells                   Type           Power      Damage    Failure   Level
 Sting                    Tmut/Pois      0%         1d3       100%        1
 Poisonous Vapours        Pois/Air       0%         N/A       100%        2
 Ignite Poison            Fire/Tmut/Pois 0%         N/A       100%        3
 Mephitic Cloud           Conj/Pois/Air  0%         N/A       100%        3
 Olgreb's Toxic Radiance  Pois           0%         N/A       100%        4


Dungeon Overview and Level Annotations

Branches:
Dungeon (11/15)            Temple (1/1) D:7            Lair (0/6) D:9
    Orc: D:9-12

Altars:
Ashenzari
Cheibriados
Dithmenos
Elyvilon
Fedhas
Gozag
Hepliaklqana
Kikubaaqudgha
Makhleb
Nemelex Xobeh
Okawaru
Qazlal
Ru
Sif Muna
Trog
Uskayaw
Vehumet
Wu Jian
Xom
Yredelemnul
Zin
The Shining One

Shops:
D:9 (

Annotations:
D:5 2 runed translucent doors, Crazy Yiuf


Innate Abilities, Weirdness & Mutations

You are resistant to damage.
You can heal yourself by infusing magical energy.
You passively map the area around you.
You do not regenerate.


Message History

You block the two-headed ogre's attack.
The red devil hits you but does no damage.
The quasit closely misses you.
The quasit claws you but does no damage.
You block the quasit's attack.
The deep elf pyromancer casts a spell.
The deep elf pyromancer blinks!
The white imp hits you but does no damage.
Your magical essence is drained by the effort!
You feel much better.
You block the kobold demonologist's attack.
You block the fire elemental's attack. You block the quasit's attack.
The quasit claws you but does no damage. x2
The fire elemental hits you. The fire elemental burns you!
The red devil hits you but does no damage.
The two-headed ogre hits you with a +0 giant club!!
The two-headed ogre barely misses you. The white imp gestures at you.
The puff of frost hits you.
You closely miss the kobold demonologist.
The kobold demonologist is moderately wounded.
You miss the fire elemental. You hit the fire elemental.
You slash the white imp! You slash the two-headed ogre!
You slash the deep elf pyromancer! You closely miss the quasit.
The fire elemental hits you. The fire elemental burns you!
* * * LOW HITPOINT WARNING * * *
The fire elemental hits you. The fire elemental burns you!
* * * LOW HITPOINT WARNING * * *
The quasit bites you but does no damage.
You block the quasit's attack. The quasit claws you.
You feel clumsy.
The kobold demonologist hits you but does no damage.
The red devil hits you from afar with a +0 trident!
* * * LOW HITPOINT WARNING * * *
The deep elf pyromancer hits you but does no damage.
The white imp hits you but does no damage.
The fire elemental hits you. The fire elemental burns you!
* * * LOW HITPOINT WARNING * * *
The two-headed ogre hits you with a +0 giant club!
You die...

##.....##..#### #..............
###...###.....# #....###.....##
#....####...#.# #...## #.######
...>## #......# #e.## #.##....
....#####...#.# ##..# #.##.###
............#.# ##...#####.##.#..
....#####...#.###○............#..
.#..####..#....KEE...#######..#.#
###....B......45@5...# #..#.#
.#.#####e#.....eO...## #....#
#.######○#.....###### #..#..
####....e...#...>..# #..#..
#.###.#.....#.#.#########..##.
#.##.#..............)......###
####.###..#####.#########.#######
#.........#.#.#)#.#.#..†......##.
#<##.####.##..)....###.#.#.#.##..


You could see a two-headed ogre, 2 deep elf pyromancers, a kobold demonologist,
2 fire elementals, a red devil (summoned), a quasit (summoned) and a white imp
(summoned).

Vanquished Creatures
  A boulder beetle (D:9)
  2 two-headed ogres
  A centaur warrior (D:9)
  Pikel (D:9)
  A deep elf zephyrmancer (D:9)
  2 orc sorcerers (D:9)
  Maurice (D:8)
  A komodo dragon (D:9)
  A troll (D:9)
  A hornet (D:9)
  A shadow (D:9)
  A redback (shapeshifter) (D:9)
  6 yaks
  2 wyverns
  2 steam dragons
  An acid dragon (D:10)
  2 water moccasins (D:8)
  Duvessa (D:5)
  2 ice beasts
  2 sky beasts
  4 orc warriors
  A black bear (D:4)
  A necrophage (D:5)
  3 ogres
  7 centaurs
  2 kobold brigands
  A wyvern zombie (D:8)
  2 scorpions
  6 bullfrogs
  Dowan (D:5)
  A killer bee (D:9)
  5 wights
  2 howler monkeys (D:9)
  3 centaur zombies
  3 hounds
  A jelly (D:4)
  6 orc priests
  A centaur skeleton (D:5)
  A gnoll shaman (D:8)
  An iron imp (D:4)
  2 iguanas
  10 orc wizards
  A killer bee zombie (D:9)
  5 adders
  3 shadow imps
  A white imp (D:7)
  2 ufetubi (D:4)
  An adder zombie (D:5)
  An adder skeleton (D:4)
  2 dart slugs
  25 orcs
  2 ball pythons
  7 endoplasms
  9 giant cockroaches
  5 goblins
  8 hobgoblins
  12 jackals
  11 kobolds
  3 quokkas
  3 bats
  3 frilled lizards
  5 rats
205 creatures vanquished.

Vanquished Creatures (others)
  A wyvern (D:9)
  A yak (D:8)
  A bullfrog (D:8)
  29 plants (D:9)
32 creatures vanquished.

Grand Total: 237 creatures vanquished

Notes
Turn   | Place    | Note
-------+----------+-------------------------------------------
     0 | D:1      | Mels the Deep Dwarf Fighter began the quest for the Orb.
     0 | D:1      | Reached XP level 1. HP: 20/20 MP: 1/1
     7 | D:1      | Found a faded altar of an unknown god.
    65 | D:1      | Reached skill level 1 in Invocations
   167 | D:1      | Reached XP level 2. HP: 22/27 MP: 2/2
   338 | D:1      | Reached skill level 2 in Invocations
   384 | D:1      | Reached XP level 3. HP: 19/33 MP: 4/4
  1596 | D:3      | Noticed a water elemental
  1598 | D:3      | Found a stormy altar of Qazlal.
  1599 | D:3      | Noticed an air elemental
  1599 | D:3      | Noticed a fire elemental
  1599 | D:3      | Noticed an earth elemental
  1734 | D:3      | Found a sacrificial altar of Ru.
  1842 | D:3      | Reached XP level 4. HP: 17/42 MP: 6/6
  1919 | D:3      | Reached skill level 3 in Invocations
  2345 | D:4      | Noticed a black bear
  2351 | D:4      | Killed a black bear
  2352 | D:4      | Reached skill level 4 in Invocations
  2352 | D:4      | Reached XP level 5. HP: 41/49 MP: 6/8
  2504 | D:4      | Reached XP level 6. HP: 42/56 MP: 9/9
  2630 | D:4      | Found a snail-covered altar of Cheibriados.
  3132 | D:5      | Entered Level 5 of the Dungeon
  3224 | D:5      | Reached skill level 5 in Invocations
  3228 | D:5      | Noticed Dowan
  3229 | D:5      | Noticed Duvessa
  3440 | D:5      | Killed Dowan
  3441 | D:5      | Reached XP level 7. HP: 22/53 MP: 11/11
  3446 | D:5      | Killed Duvessa
  3499 | D:5      | Reached skill level 6 in Invocations
  3515 | D:5      | Found a runed translucent door.
  3687 | D:5      | Found a runed translucent door.
  3688 | D:5      | Noticed Crazy Yiuf
  3778 | D:5      | Reached skill level 5 in Shields
  3907 | D:6      | Reached skill level 5 in Armour
  4072 | D:6      | Noticed a yak
  4072 | D:6      | Noticed a yak
  4073 | D:6      | Noticed a yak
  4074 | D:6      | Noticed a yak
  4101 | D:6      | Killed a yak
  4102 | D:6      | Reached skill level 7 in Invocations
  4102 | D:6      | Reached XP level 8. HP: 40/73 MP: 11/11
  4125 | D:6      | Reached skill level 5 in Axes
  4125 | D:6      | Reached skill level 8 in Invocations
  4306 | D:6      | Reached skill level 5 in Fighting
  4454 | D:6      | Gained mutation: You passively map the area around you.
                  | [Deep Dwarf growth]
  4454 | D:6      | Reached XP level 9. HP: 72/81 MP: 12/12
  4472 | D:6      | Reached skill level 9 in Invocations
  4684 | D:7      | Found a staircase to the Ecumenical Temple.
  4691 | Temple   | Entered the Ecumenical Temple
  4953 | Temple   | Became a worshipper of Elyvilon the Healer
  5277 | D:7      | Found a hazy altar of Hepliaklqana.
  5316 | D:7      | Reached * piety under Elyvilon
  5451 | D:7      | Found a basalt altar of Yredelemnul.
  5527 | D:8      | Noticed Maurice
  5610 | D:8      | HP: 2/81 [Maurice/+2 whip of electrocution (10)]
  5621 | D:8      | HP: 2/81 [disintegration (3)]
  5630 | D:8      | Killed Maurice
  5631 | D:8      | Reached skill level 10 in Invocations
  5699 | D:8      | Noticed a two-headed ogre
  5731 | D:8      | Killed a two-headed ogre
  5732 | D:8      | Reached XP level 10. HP: 8/91 MP: 9/12
  5815 | D:8      | You are sucked into a shaft and drop 3 floors!
  5966 | D:10     | Entered Level 10 of the Dungeon
  6030 | D:10     | Noticed a two-headed ogre
  6049 | D:10     | HP: 3/91 [two-headed ogre/+0 giant club (18)]
  6052 | D:10     | Noticed a boulder beetle
  6056 | D:10     | Killed a two-headed ogre
  6057 | D:10     | Reached skill level 11 in Invocations
  6184 | D:9      | Noticed Pikel
  6196 | D:9      | Killed Pikel
  6224 | D:9      | Reached ** piety under Elyvilon
  6831 | D:8      | Reached skill level 12 in Invocations
  6963 | D:8      | Noticed a centaur warrior
  6996 | D:8      | Pacified a centaur warrior
  7390 | D:9      | Found Raic's Antique Weapon Shop.
  7518 | D:9      | Reached XP level 11. HP: 29/99 MP: 14/14
  7640 | D:9      | Identified the ring "Daczegh" {rPois Will+}
  7640 | D:9      | Noticed an orc sorcerer
  7666 | D:9      | HP: 1/77 [chaos spawn[an orc sorcerer] (8)]
  7681 | D:9      | Killed an orc sorcerer
  7699 | D:9      | Noticed a centaur warrior
  7766 | D:9      | Noticed a boulder beetle
  7902 | D:9      | Found a staircase to the Lair.
  7944 | D:9      | Killed a centaur warrior
  8040 | D:9      | Noticed a boulder beetle
  8041 | D:9      | Noticed a deep elf pyromancer
  8046 | D:9      | Noticed a two-headed ogre
  8046 | D:9      | Noticed a deep elf zephyrmancer
  8124 | D:9      | Noticed an orc sorcerer
  8137 | D:9      | Killed an orc sorcerer
  8138 | D:9      | Reached skill level 13 in Invocations
  8162 | D:9      | Killed a deep elf zephyrmancer
  8195 | D:9      | Killed a boulder beetle
  8293 | D:9      | Noticed a sea snake
  8305 | D:9      | a sea snake changed into a redback
  8373 | D:9      | Paralysed by a hornet for 2 turns
  8487 | D:9      | Found a burning altar of Makhleb.
  8618 | D:9      | Found a sparkling altar of Nemelex Xobeh.
  8728 | D:9      | Noticed a deep elf pyromancer
  8734 | D:9      | Slain by a two-headed ogre

Illustrated notes

Levels and vault maps discovered:
D:1:      amcnicky_arrival_blooded_trapdoor, layout_basic,
          basic_ecumenical_altar
D:2:      layout_basic, serial_rivers, chequers_serial_rivers_micro_c,
          chequers_serial_rivers_room_a, chequers_serial_rivers_small_b,
          chequers_serial_rivers_room_b, chequers_serial_rivers_large_b,
          chequers_serial_rivers_small_b, chequers_decorated_corner,
          eino_curves_04
D:3:      layout_loops_ring, nicolae_qazlal_style_of_elements,
          marbit_many_paths, grunt_ministairs_7
D:4:      layout_loops_ring, slow_altar_1
D:5:      layout_rooms, lightli_church_of_beogh, uniq_crazy_yiuf_cottage,
          uniq_duvessa
D:6:      layout_loops_ring
D:7:      layout_rooms, nzn_hepliaklqana_mist_gate, overflow_temple_1_default,
          minmay_temple_entry_proselytizer, serial_glass, glass_columns_a,
          glass_columns_a, minmay_misc_feat_x
D:8:      minmay_clustersquares, layout_loops_ring,
          hangedman_abyss_or_decor_passed, hangedman_decor_growths, uniq_maurice
D:9:      minmay_the_grid_net [minmay_the_grid_aliased_spiral,
          minmay_the_grid_embedded, minmay_the_grid_tiny_cups,
          minmay_the_grid_tri_star, minmay_the_grid_tree,
          minmay_the_grid_prize_inner_circle], layout_loops_ring,
          nemelex_spade_bored_becter, lightli_temple_of_fire,
          david_lair_shrubbed, serial_shops, shop, uniq_pikel
D:10:     layout_irregular_city, ebering_ghost_inner_flame
D:11:     layout_rooms, orc_0_dummy
Temple:   regret_index_temple_generic_petals

Skill      XL: |  1  2  3  4  5  6  7  8  9 10 11 |
---------------+----------------------------------+-----
Invocations    | 1 2 4 5 7 8 10 12 13 | 13.4
Fighting       | 3 4 5 6 7 |  7.4
Axes           | 3 4 5 6 7 8 |  8.4
Armour         | 4 5 6 7 8 |  8.8
Shields        | 4 5 6 7 8 |  8.9

Action                   |  1- 3 |  4- 6 |  7- 9 | 10-12 || total
-------------------------+-------+-------+-------+-------++-------
Melee: War axe           |   139 |   172 |   311 |   442 ||  1064
Invok: Lesser Healing    |       |       |     6 |    52 ||    58
       Heal Other        |       |       |       |     6 ||     6
 Abil: Heal Wounds       |       |     5 |    18 |    29 ||    52
Evoke: Wand              |       |       |       |     4 ||     4
  Use: Scroll            |       |       |     4 |     9 ||    13
Armor: Scale mail        |    57 |       |       |       ||    57
       Plate armour      |    28 |   141 |   166 |   370 ||   705
Dodge: Dodged            |    37 |    38 |    49 |   127 ||   251
Block: Kite shield       |   102 |   105 |   170 |   390 ||   767

Table legend: (Time is in decaauts)
 A = Elapsed time spent in this place.
 B = Non-inter-level travel time spent in this place.
 C = Inter-level travel time spent in this place.
 D = Time resting spent in this place.
 E = Time spent auto-exploring this place.
 F = Levels seen in this place.
 G = Mean time per level.
                   A        B        C        D        E       F      G
               +--------+--------+--------+--------+--------+-----+--------+
         Total |   9195 |   8711 |    484 |    471 |   5565 |  12 |  766.2 |
       Dungeon |   8895 |   8470 |    425 |    471 |   5347 |  11 |  808.6 |
        Temple |    300 |    241 |     59 |      0 |    218 |   1 |  300.0 |
               +--------+--------+--------+--------+--------+-----+--------+

Top non-repeatable levels by time:
     D:9: 1559 daAuts
     D:8: 1319 daAuts
     D:4: 932 daAuts
     D:3: 932 daAuts
     D:2: 886 daAuts
     D:6: 806 daAuts
     D:7: 799 daAuts
     D:5: 718 daAuts
     D:1: 645 daAuts
  Temple: 300 daAuts
    D:11: 150 daAuts
    D:10: 145 daAuts
